 Dungeon Crawl Stone Soup version 0.19.0-19-g8c6edcc (webtiles) character file.

164 lorenzova the Covered (level 5, -8/50 HPs)
             Began as a Deep Dwarf Fighter on Nov 14, 2016.
             Mangled by an ogre
             ... wielding a +0 giant spiked club
              (20 damage)
             ... on level 4 of the Dungeon.
             The game lasted 00:04:00 (1919 turns).

lorenzova the Covered (Deep Dwarf Fighter)          Turns: 1919, Time: 00:04:01

Health: -8/50      AC:  8    Str: 20    XL:     5   Next: 21%
Magic:  5/5        EV:  8    Int:  9    God:
Gold:   126        SH: 10    Dex: 12    Spells: 0 memorised, 4 levels left

rFire  . . .     SeeInvis .     a - +1 war axe
rCold  . . .     Gourm    .     b - +0 scale mail
rNeg   . . .     Faith    .     c - +1 shield
rPois  +         Spirit   .     (no helmet)
rElec  .         Reflect  .     (no cloak)
rCorr  .         Harm     .     (no gloves)
MR     .....                    q - +0 pair of boots
Stlth  ..........               v - amulet of inaccuracy (curse)
                                (no ring)
                                u - ring of poison resistance

@: non-regenerating
A: damage resistance, recharge devices, sense surroundings 1, slow regeneration
3
a: Device Recharging


You were on level 4 of the Dungeon.
You were hungry.

You visited 1 branch of the dungeon, and saw 4 of its levels.

You collected 126 gold pieces.

Inventory:

Hand Weapons
 a - a +1 war axe (weapon)
Armour
 b - a +0 scale mail (worn)
 c - a +1 shield (worn)
 q - a +0 pair of boots (worn)
Jewellery
 u - a ring of poison resistance (left hand)
 v - a cursed amulet of inaccuracy (around neck)
 w - an uncursed amulet of harm
Wands
 e - a wand of heal wounds (2/9)
 s - a wand of acid (7/15)
Scrolls
 g - 2 scrolls of enchant armour
 h - a scroll of blinking
 j - a scroll of fog {unknown}
 l - a scroll of teleportation
 n - 2 scrolls of amnesia
Potions
 d - a potion of might
 i - a potion of lignification {unknown}
 m - a potion of magic
 r - 2 potions of cure mutation
 t - a potion of cancellation
Comestibles
 f - a bread ration
 k - a slice of pizza
 o - 4 meat rations


   Skills:
 * Level 4.2 Fighting
 - Level 2.1 Axes
 + Level 4.4 Armour
 + Level 2.3 Dodging
 - Level 3.2 Shields


You had 4 spell levels left.
You didn't know any spells.

Dungeon Overview and Level Annotations

Branches:
Dungeon (4/15)
 Temple: D:4-7

Altars:
Gozag
Hepliaklqana


Innate Abilities, Weirdness & Mutations

You are resistant to damage.
You can recharge devices by infusing magical energy.
You passively map a small area around you.
You do not regenerate.


Message History

You closely miss the ogre.
The ogre is heavily wounded.
The ogre barely misses you.
You hit the ogre but do no damage.
The ogre is heavily wounded.
The ogre hits you with a giant spiked club.
You closely miss the ogre.
The ogre is heavily wounded.
The ogre closely misses you.
You barely miss the ogre.
The ogre is heavily wounded.
The ogre hits you with a giant spiked club.
You slash the ogre!
The ogre is almost dead.
The ogre hits you with a giant spiked club!!
* * * LOW HITPOINT WARNING * * *
You hit the ogre.
The ogre is almost dead.
The ogre hits you with a giant spiked club!!
You die...

#. * < #.* ,
*####.*
....#######.
,
#.......!..
##..........
#...<.#####.
#...........
, *
#...@.....##
#:..O.###.#
* #.....# #
, ###.### *
* #. , * ##
,* * , , * *
, *


You could see an ogre.

Vanquished Creatures
  A phantom (D:3)
  An adder (D:2)
  An ooze (D:2)
  2 worms
  2 leopard geckos
  An orc (D:3)
  A ball python (D:1)
  8 bats
  2 giant cockroaches
  7 goblins
  2 hobgoblins
  2 jackals (D:2)
  9 kobolds
  A quokka (D:2)
  5 frilled lizards
  8 rats
53 creatures vanquished.

Notes
Turn   | Place    | Note
-------+----------+-------------------------------------------
     0 | D:1      | lorenzova the Deep Dwarf Fighter began the quest for the Orb.
     0 | D:1      | Reached XP level 1. HP: 20/20 MP: 1/1
    48 | D:1      | Reached XP level 2. HP: 23/28 MP: 2/2
   308 | D:1      | Reached skill level 1 in Dodging
   544 | D:2      | Found a hazy altar of Hepliaklqana.
   584 | D:2      | Reached XP level 3. HP: 20/34 MP: 3/3
   772 | D:2      | Found an opulent altar of Gozag.
  1228 | D:3      | Noticed a phantom
  1275 | D:3      | Reached XP level 4. HP: 19/44 MP: 4/4
  1798 | D:3      | Killed a phantom
  1798 | D:3      | Reached XP level 5. HP: 21/50 MP: 5/5
  1905 | D:4      | Noticed an ogre
  1919 | D:4      | Mangled by an ogre

Skill      XL: |  1  2  3  4 |
---------------+-------------+-----
Fighting       | 3 4 |  4.2
Dodging        | 1 2 |  2.3
Armour         | 4 |  4.4
Axes           | |  2.1
Shields        | |  3.2

Action                   |  1- 3 |  4- 6 || total
-------------------------+-------+-------++-------
Melee: War axe           |   187 |    52 ||   239
Evoke: Wand              |     1 |     2 ||     3
  Use: Scroll            |    10 |       ||    10
  Eat: Chunk             |     1 |     2 ||     3
Armor: Scale mail        |    94 |    11 ||   105
Dodge: Dodged            |    63 |    14 ||    77
Block: Shield            |   105 |    24 ||   129
